[Event "XXI Torredembarra Open 2019"]
[Site "Torredembarra"]
[Date "2019.07.13"]
[Round "8.4"]
[White "Marina De La Torre, Ivan"]
[Black "Lacasa Diaz, Jose Antonio"]
[Result "1-0"]
[ECO "D04"]
[WhiteElo "2041"]
[BlackElo "2391"]
[Annotator "NA"]
[PlyCount "149"]
[EventDate "2019.07.06"]
[EventType "swiss"]
[EventCountry "ESP"]
[SourceTitle "playchess.com"]
[Source "ChessBase"]
[SourceQuality "1"]
[TimeControl "5400+30"]

1. d4 Nf6 2. Nf3 g6 3. e3 Bg7 4. b3 c5 5. Be2 O-O 6. O-O d5 7. Bb2 cxd4 8. Nxd4 Nbd7 9. c4 dxc4 10. Bxc4 a6 11. Nc3 e5 12. Nc2 b5 13. Be2 Bb7 14. Rc1 Qb6 15. Bf3 Rfd8 16. Bxb7 Qxb7 17. Qe2 Nc5 18. Rfd1 e4 19. Ne1 Ne6 20. Rxd8+ Rxd8 21. Rd1 Rc8 22. Qd2 h5 23. Ne2 Rc7 24. h3 Kh7 25. Kf1 h4 26. Rc1 Rd7 27. Qc2 Qd5 28. Nd4 Rc7 29. Qb1 Rxc1 30. Qxc1 Nc5 31. Qc2 Nfd7 32. Qe2 Ne5 33. Ba3 Ncd3 34. Ndc2 a5 35. Qd2 b4 36. Bc1 Qb5 37. Nd4 Qc5 38. Ne2 Nxe1 39. Qxe1 Nd3 40. Qd2 f5 41. Qd1 Be5 42. Bd2 Bb2 43. Nf4 Be5 44. Nxd3 exd3 45. e4 Qc2 46. Ke1 fxe4 47. Qxc2 dxc2 48. Bc1 Bc3+ 49. Ke2 Bd4 50. Kd2 Bxf2 51. Kxc2 Kg7 52. Bg5 Kf7 53. Bd8 Ke6 54. Bxa5 Bc5 55. Kd2 Kf5 56. Ke2 Be7 57. Bc7 g5 58. Bb8 Bc5 59. Bc7 Be7 60. Bb8 Ke6 61. Ke3 Kd5 62. Ba7 Bd6 63. Bb6 Bb8 64. Ke2 Ke5 65. Be3 Bd6 66. Bxg5 Kd4 67. Bf6+ Be5 68. Be7 Kc3 69. Ke3 Bg3 70. Kxe4 Be1 71. Bf6+ Kc2 72. Ke3 Kb1 73. Kd3 Kxa2 74. Kc4 Ka3 75. Be7 1-0

[Event "XXI Torredembarra Open 2019"]
[Site "Torredembarra"]
[Date "2019.07.13"]
[Round "8.5"]
[White "Iagar, Razvan-Gabriel"]
[Black "Castillo Dalmau, Arnau"]
[Result "1-0"]
[ECO "E15"]
[WhiteElo "2138"]
[BlackElo "1957"]
[Annotator "NA"]
[PlyCount "134"]
[EventDate "2019.07.06"]
[EventType "swiss"]
[EventCountry "ESP"]
[SourceTitle "playchess.com"]
[Source "ChessBase"]
[SourceQuality "1"]
[TimeControl "5400+30"]

1. d4 Nf6 2. c4 e6 3. Nf3 b6 4. g3 Ba6 5. b3 Bb4+ 6. Bd2 Be7 7. Bg2 c6 8. Bc3 d5 9. Ne5 Nfd7 10. Nxd7 Nxd7 11. Nd2 O-O 12. O-O Nf6 13. e4 b5 14. e5 Nd7 15. cxd5 cxd5 16. b4 Rc8 17. Rc1 Nb6 18. Nb3 Na4 19. Nc5 Bxc5 20. dxc5 Nxc3 21. Rxc3 Bb7 22. Rc1 Bc6 23. Qd4 a5 24. a3 Ra8 25. Ra1 axb4 26. axb4 Qc7 27. Rfb1 Rxa1 28. Rxa1 Ra8 29. Rxa8+ Bxa8 30. Qa1 Bc6 31. Bf1 g6 32. f4 Qd7 33. Bg2 Qc8 34. Kf2 Qd7 35. Qa6 Kg7 36. Ke2 h5 37. Kd3 Kg8 38. Kd4 Kg7 39. Bf1 Kg8 40. Qb6 Qe8 41. h3 Kg7 42. Bd3 Qa8 43. Qa5 Qe8 44. Qa6 Qd7 45. g4 hxg4 46. hxg4 Kg8 47. Qb6 Qe8 48. f5 Kg7 49. f6+ Kg8 50. Qa7 Kh7 51. g5 Qf8 52. Qc7 Be8 53. Qd6 Kg8 54. Be2 Bd7 55. Qxd7 Qa8 56. Ke3 d4+ 57. Kf2 d3 58. Bxd3 Qa2+ 59. Be2 Qa8 60. Bxb5 Qa2+ 61. Be2 Qa8 62. c6 Qb8 63. c7 Qa7+ 64. Kg2 Qa8+ 65. Kh2 Qf8 66. c8=Q Kh7 67. Qcb7 Qd8 1-0

[Event "XXI Torredembarra Open 2019"]
[Site "Torredembarra"]
[Date "2019.07.13"]
[Round "8.6"]
[White "Gil Provedo, Victor"]
[Black "Sirera Bargallo, Tomas"]
[Result "0-1"]
[ECO "C41"]
[WhiteElo "1676"]
[BlackElo "2115"]
[Annotator "NA"]
[PlyCount "106"]
[EventDate "2019.07.06"]
[EventType "swiss"]
[EventCountry "ESP"]
[SourceTitle "playchess.com"]
[Source "ChessBase"]
[SourceQuality "1"]
[TimeControl "5400+30"]

1. e4 d6 2. d4 Nf6 3. Nc3 Nbd7 4. Nf3 e5 5. Bc4 h6 6. O-O Be7 7. Qe2 c6 8. Rd1 Qc7 9. a4 O-O 10. a5 Re8 11. h3 Nf8 12. dxe5 dxe5 13. Be3 Be6 14. a6 b5 15. Bd3 N8d7 16. Nd2 Nc5 17. Rf1 Bd6 18. Rad1 Rad8 19. Nf3 Bc8 20. Nh4 Nxa6 21. Nxb5 cxb5 22. Bxb5 Nb4 23. Bxe8 Rxe8 24. c3 Na6 25. Bxa7 Bc5 26. Bxc5 Nxc5 27. f3 Ba6 28. c4 Nb3 29. Nf5 Qxc4 30. Qxc4 Bxc4 31. Rf2 Be6 32. Ne3 Nd4 33. b4 Rb8 34. Rb2 Nh5 35. Nd5 Bxd5 36. exd5 Nf4 37. d6 Kf8 38. Kf2 Ke8 39. h4 Kd7 40. g3 Nd5 41. f4 f6 42. fxe5 fxe5 43. Ra1 Kxd6 44. Ra6+ Rb6 45. Ra7 Nxb4 46. Rd2 Kd5 47. Rxg7 Rf6+ 48. Kg2 Ke4 49. Rg4+ Ke3 50. Rb2 Nd3 51. Rb1 Rf2+ 52. Kh3 Nf3 53. Rh1 Rb2 0-1

[Event "XXI Torredembarra Open 2019"]
[Site "Torredembarra"]
[Date "2019.07.13"]
[Round "8.7"]
[White "Galimany Rovira, Xavier"]
[Black "Soler Lopez, Hugo"]
[Result "1/2-1/2"]
[ECO "A25"]
[WhiteElo "2086"]
[BlackElo "2072"]
[Annotator "NA"]
[PlyCount "77"]
[EventDate "2019.07.06"]
[EventType "swiss"]
[EventCountry "ESP"]
[SourceTitle "playchess.com"]
[Source "ChessBase"]
[SourceQuality "1"]
[TimeControl "5400+30"]

1. c4 e5 2. g3 Nc6 3. Bg2 f5 4. Nc3 Nf6 5. e3 d5 6. cxd5 Nb4 7. d3 Nbxd5 8. Nge2 Be6 9. O-O Qd7 10. d4 e4 11. f3 exf3 12. Bxf3 O-O-O 13. Qa4 Qxa4 14. Nxa4 Nb4 15. Nac3 c6 16. a3 Nbd5 17. Nxd5 cxd5 18. Bd2 Bd6 19. Bb4 Rhe8 20. Bxd6 Rxd6 21. Nc3 Bf7 22. Rac1 Kd7 23. Rfe1 Rc8 24. Kf2 Rdc6 25. Ke2 a6 26. Kd2 Kd6 27. h3 g5 28. Rf1 h5 29. Be2 Rxc3 30. bxc3 Ne4+ 31. Ke1 Nxg3 32. Rg1 h4 33. Bd3 Be6 34. Kf2 g4 35. hxg4 fxg4 36. Rxg3 Rf8+ 37. Kg2 hxg3 38. Rf1 Rc8 39. Rc1 1/2-1/2

[Event "XXI Torredembarra Open 2019"]
[Site "Torredembarra"]
[Date "2019.07.13"]
[Round "8.8"]
[White "Guasch Figuerola, Agusti"]
[Black "Borrellas Comellas, Josep"]
[Result "0-1"]
[ECO "A14"]
[WhiteElo "2071"]
[BlackElo "1935"]
[Annotator "NA"]
[PlyCount "136"]
[EventDate "2019.07.06"]
[EventType "swiss"]
[EventCountry "ESP"]
[SourceTitle "playchess.com"]
[Source "ChessBase"]
[SourceQuality "1"]
[TimeControl "5400+30"]

1. c4 e6 2. g3 d5 3. Nf3 Nf6 4. Bg2 Be7 5. O-O O-O 6. b3 Ne4 7. Bb2 Bf6 8. d4 b6 9. Nbd2 Nd6 10. Ne5 Bb7 11. Rc1 dxc4 12. Bxb7 Nxb7 13. Ndxc4 Re8 14. e3 Qd5 15. Re1 c5 16. e4 Qd8 17. Qf3 Bxe5 18. dxe5 Qc7 19. Rcd1 Nc6 20. Qg4 Rad8 21. Nd6 Re7 22. f4 Red7 23. f5 exf5 24. exf5 Nd4 25. Bxd4 cxd4 26. f6 g6 27. Nxb7 Qxb7 28. e6 fxe6 29. Rxe6 Qd5 30. Rde1 d3 31. Re7 Qd4+ 32. Qxd4 Rxd4 33. Rg7+ Kf8 34. Rxh7 d2 35. Rd1 R8d6 36. Rh4 Rxh4 37. gxh4 Kf7 38. Kf2 Kxf6 39. Ke2 Kf5 40. Rf1+ Kg4 41. Kd1 Kxh4 42. Rf7 a5 43. Rf3 g5 44. a3 Rd5 45. Rg3 g4 46. b4 axb4 47. axb4 Rd4 48. Rb3 b5 49. Re3 Rxb4 50. Re8 Rd4 51. Rh8+ Kg5 52. Rg8+ Kf4 53. Rf8+ Ke3 54. Rg8 Kf3 55. Rg5 b4 56. Re5 b3 57. Rb5 Rd3 58. Rb4 Kg2 59. Rxg4+ Kxh2 60. Rb4 Kg2 61. Rb8 Kf3 62. Rf8+ Ke4 63. Re8+ Kf5 64. Rf8+ Ke6 65. Re8+ Kd7 66. Rb8 Kc7 67. Ra8 b2 68. Ra7+ Kb8 0-1

[Event "XXI Torredembarra Open 2019"]
[Site "Torredembarra"]
[Date "2019.07.13"]
[Round "8.9"]
[White "Valls Sole, Josep"]
[Black "Fernandez Alonso, Miguel Angel"]
[Result "0-1"]
[ECO "B22"]
[WhiteElo "1797"]
[BlackElo "2060"]
[Annotator "NA"]
[PlyCount "73"]
[EventDate "2019.07.06"]
[EventType "swiss"]
[EventCountry "ESP"]
[SourceTitle "playchess.com"]
[Source "ChessBase"]
[SourceQuality "1"]
[TimeControl "5400+30"]

1. e4 c5 2. Nf3 Nc6 3. c3 Nf6 4. Qc2 e5 5. Bb5 d6 6. O-O Be7 7. d4 cxd4 8. cxd4 Bd7 9. d5 Nb8 10. Nc3 O-O 11. Be2 Na6 12. Re1 Rc8 13. Bxa6 bxa6 14. Qe2 Qa5 15. Bd2 Qb6 16. Be3 Qb7 17. Rec1 h6 18. h3 Bd8 19. Rc2 Ba5 20. Qd3 Rc7 21. Nd2 Rfc8 22. Rac1 Bb6 23. Nd1 Bb5 24. Qb3 Ba5 25. Nc3 Bd3 26. Qa4 Bb6 27. Qb4 Ne8 28. a4 Bxe3 29. Qxb7 Bxf2+ 30. Kxf2 Rxb7 31. Ke3 Bxc2 32. Rxc2 g6 33. Kd3 f5 34. Nc4 Rb4 35. Na5 Rd4+ 36. Ke3 Rxe4+ 37. Kf3 0-1

[Event "XXI Torredembarra Open 2019"]
[Site "Torredembarra"]
[Date "2019.07.14"]
[Round "9.1"]
[White "Farran Martos, Francesc X."]
[Black "Iagar, Razvan-Gabriel"]
[Result "1-0"]
[ECO "C14"]
[WhiteElo "2432"]
[BlackElo "2138"]
[Annotator "ChessBase"]
[PlyCount "37"]
[EventDate "2019.07.06"]
[EventType "swiss"]
[EventCountry "ESP"]
[SourceTitle "playchess.com"]
[Source "ChessBase"]
[SourceQuality "1"]
[TimeControl "5400+30"]

1. e4 e6 2. d4 d5 3. Nc3 Nf6 4. Bg5 Be7 5. e5 Nfd7 6. h4 O-O 7. Qg4 f5 8. Bxe7 Qxe7 9. Qg5 Qf7 10. Nge2 a6 11. Nf4 c5 12. O-O-O cxd4 13. Ncxd5 Nxe5 14. Ne7+ Kh8 15. h5 Qf6 16. Qxf6 gxf6 17. Nfg6+ Nxg6 18. hxg6 Kg7 19. Rxh7# 1-0

[Event "XXI Torredembarra Open 2019"]
[Site "Torredembarra"]
[Date "2019.07.14"]
[Round "9.2"]
[White "Pogorelov, Ruslan"]
[Black "Dardha, Daniel"]
[Result "1-0"]
[ECO "A41"]
[WhiteElo "2347"]
[BlackElo "2420"]
[Annotator "ChessBase"]
[PlyCount "91"]
[EventDate "2019.07.06"]
[EventType "swiss"]
[EventCountry "ESP"]
[SourceTitle "playchess.com"]
[Source "ChessBase"]
[SourceQuality "1"]
[TimeControl "5400+30"]

1. Nf3 d6 2. d4 Bg4 3. c4 Bxf3 4. exf3 c6 5. Nc3 g6 6. Be3 Bg7 7. Qd2 Nf6 8. Be2 d5 9. g4 h5 10. g5 Ng8 11. cxd5 cxd5 12. Qc2 Nc6 13. Qb3 e6 14. Qxb7 Nge7 15. Bb5 Rc8 16. Bxc6+ Nxc6 17. Rd1 O-O 18. O-O Rc7 19. Qa6 Ne7 20. Qd3 Nf5 21. f4 Qb8 22. b3 Rfc8 23. Na4 Bf8 24. Rc1 Rxc1 25. Rxc1 Rxc1+ 26. Bxc1 Bg7 27. Be3 Qb4 28. Qc3 Qxc3 29. Nxc3 Bxd4 30. Nb5 Bxe3 31. fxe3 Nxe3 32. Nxa7 d4 33. Kf2 Nd5 34. Nb5 d3 35. a4 Kf8 36. a5 Ke7 37. a6 d2 38. Ke2 Nxf4+ 39. Kxd2 Nd5 40. a7 Nb6 41. Na3 Kd7 42. Nc4 Na8 43. Kd3 Kc7 44. Ne5 Kb7 45. Nxf7 Nc7 46. Ne5 1-0

[Event "XXI Torredembarra Open 2019"]
[Site "Torredembarra"]
[Date "2019.07.14"]
[Round "9.3"]
[White "Djuric, Stefan"]
[Black "Marina De La Torre, Ivan"]
[Result "1-0"]
[ECO "E02"]
[WhiteElo "2368"]
[BlackElo "2041"]
[Annotator "ChessBase"]
[PlyCount "41"]
[EventDate "2019.07.06"]
[EventType "swiss"]
[EventCountry "ESP"]
[SourceTitle "playchess.com"]
[Source "ChessBase"]
[SourceQuality "1"]
[TimeControl "5400+30"]

1. g3 Nf6 2. Bg2 d5 3. Nf3 e6 4. O-O Be7 5. c4 O-O 6. Qc2 c6 7. d4 dxc4 8. Qxc4 Nbd7 9. Nc3 Nd5 10. e4 Nxc3 11. bxc3 Qa5 12. e5 c5 13. Bg5 Nb6 14. Qd3 c4 15. Qc2 Nd5 16. Bxe7 Nxe7 17. Ng5 g6 18. Ne4 Qc7 19. Nf6+ Kg7 20. Qa4 Ng8 21. Ne8+ 1-0

[Event "XXI Torredembarra Open 2019"]
[Site "Torredembarra"]
[Date "2019.07.14"]
[Round "9.4"]
[White "Sirera Bargallo, Tomas"]
[Black "Gonzalez Rodriguez, Jorge A."]
[Result "0-1"]
[ECO "C01"]
[WhiteElo "2115"]
[BlackElo "2201"]
[Annotator "ChessBase"]
[PlyCount "109"]
[EventDate "2019.07.06"]
[EventType "swiss"]
[EventCountry "ESP"]
[SourceTitle "playchess.com"]
[Source "ChessBase"]
[SourceQuality "1"]
[TimeControl "5400+30"]

1. e4 e6 2. d4 d5 3. Bd3 Nf6 4. e5 Ng8 5. f4 b6 6. c3 Qd7 7. Qe2 a5 8. Nf3 Ba6 9. Bxa6 Nxa6 10. a4 h5 11. f5 exf5 12. Ng5 Be7 13. O-O Bxg5 14. Bxg5 g6 15. Nd2 c6 16. Rae1 Nc7 17. Bf6 Rh6 18. e6 Nxe6 19. Bg5 Rh7 20. Nf3 Rg7 21. Qe5 Kf8 22. Bh4 Re8 23. Bg3 f6 24. Qd6+ Qxd6 25. Bxd6+ Kf7 26. Re2 Ne7 27. Rfe1 Nc8 28. Ba3 Rgg8 29. g3 Nd8 30. Rxe8 Rxe8 31. Rxe8 Kxe8 32. Kf2 Nb7 33. Nh4 Kf7 34. Ke3 Ncd6 35. b3 Ne4 36. Bb2 Nbd6 37. Ng2 g5 38. Ne1 f4+ 39. gxf4 Nf5+ 40. Ke2 g4 41. Nd3 h4 42. Nf2 Nxf2 43. Kxf2 Nd6 44. Ke3 h3 45. Kf2 Ne4+ 46. Kg1 f5 47. b4 Ke6 48. Ba1 Kd6 49. Bb2 Kc7 50. Ba1 Kb7 51. bxa5 bxa5 52. Bb2 Nd2 53. Kf2 Nc4 54. Bc1 Nb6 55. Ke1 0-1

[Event "XXI Torredembarra Open 2019"]
[Site "Torredembarra"]
[Date "2019.07.14"]
[Round "9.5"]
[White "Regue Farran, Enric"]
[Black "Galimany Rovira, Xavier"]
[Result "1/2-1/2"]
[ECO "B76"]
[WhiteElo "1984"]
[BlackElo "2086"]
[Annotator "NA"]
[PlyCount "61"]
[EventDate "2019.07.06"]
[EventType "swiss"]
[EventCountry "ESP"]
[SourceTitle "playchess.com"]
[Source "ChessBase"]
[SourceQuality "1"]
[TimeControl "5400+30"]

1. e4 c5 2. Nf3 d6 3. d4 cxd4 4. Nxd4 Nf6 5. Nc3 g6 6. f3 Bg7 7. Be3 O-O 8. Qd2 Nc6 9. O-O-O d5 10. Nxc6 bxc6 11. exd5 Nxd5 12. Nxd5 cxd5 13. Qxd5 Qc7 14. Qc5 Qb8 15. Bd4 Bf5 16. Ba6 Qf4+ 17. Be3 Qa4 18. Qc4 Bxc2 19. Qxa4 Bxa4 20. b3 Bc6 21. Bc5 Rfe8 22. Rhe1 e6 23. Rd6 Bd5 24. Rd7 Red8 25. Rxd8+ Rxd8 26. Rd1 h5 27. Be3 Kh7 28. Bd4 Rd6 29. Bb5 Bxd4 30. Rxd4 a6 31. Ba4 1/2-1/2

[Event "XXI Torredembarra Open 2019"]
[Site "Torredembarra"]
[Date "2019.07.14"]
[Round "9.6"]
[White "Soler Lopez, Hugo"]
[Black "Ventos Navarro, Llibert"]
[Result "1-0"]
[ECO "C50"]
[WhiteElo "2072"]
[BlackElo "2013"]
[Annotator "NA"]
[PlyCount "85"]
[EventDate "2019.07.06"]
[EventType "swiss"]
[EventCountry "ESP"]
[SourceTitle "playchess.com"]
[Source "ChessBase"]
[SourceQuality "1"]
[TimeControl "5400+30"]

1. e4 e5 2. Nf3 Nc6 3. Bc4 Be7 4. d4 exd4 5. Nxd4 Bf6 6. Nxc6 bxc6 7. O-O d6 8. f4 g6 9. Qf3 Bd4+ 10. Kh1 h5 11. Qb3 Nh6 12. f5 g5 13. Qa4 Be5 14. Qxc6+ Bd7 15. Qd5 c6 16. Qd3 Ng4 17. h3 Qb6 18. Qe2 Bg3 19. Bxg5 Nf2+ 20. Rxf2 Qxf2 21. Qxf2 Bxf2 22. Nd2 Bd4 23. c3 Be5 24. Nf3 Bg3 25. Bf6 O-O 26. Rd1 Rae8 27. e5 d5 28. Bd3 c5 29. Rd2 Bc6 30. Re2 Rc8 31. Be7 Rfe8 32. Bxc5 Bd7 33. Bf2 Bxf2 34. Rxf2 Rb8 35. Re2 Kg7 36. Nd4 Rb6 37. g3 Kh6 38. Kg2 Kg5 39. Nf3+ Kh6 40. g4 hxg4 41. hxg4 Bb5 42. g5+ Kh5 43. Kg3 1-0

[Event "XXI Torredembarra Open 2019"]
[Site "Torredembarra"]
[Date "2019.07.14"]
[Round "9.7"]
[White "Fernandez Alonso, Miguel Angel"]
[Black "Arrieta Restrepo, Steven"]
[Result "1/2-1/2"]
[ECO "D36"]
[WhiteElo "2060"]
[BlackElo "1938"]
[Annotator "NA"]
[PlyCount "104"]
[EventDate "2019.07.06"]
[EventType "swiss"]
[EventCountry "ESP"]
[SourceTitle "playchess.com"]
[Source "ChessBase"]
[SourceQuality "1"]
[TimeControl "5400+30"]

1. d4 Nf6 2. c4 e6 3. Nf3 d5 4. cxd5 exd5 5. Nc3 c6 6. Bg5 Be7 7. Qc2 O-O 8. e3 Be6 9. Bd3 h6 10. Bh4 Nbd7 11. O-O Rc8 12. Rac1 c5 13. Bf5 cxd4 14. Nxd4 Bxf5 15. Nxf5 Bb4 16. Qb3 Bxc3 17. Rxc3 Rxc3 18. Qxc3 Qb6 19. Rc1 Re8 20. b3 Qe6 21. Nd4 Qa6 22. a4 Nf8 23. Nf5 Re6 24. Bxf6 Rxf6 25. Ne7+ Kh7 26. Qc8 Qe2 27. Qc2+ Qxc2 28. Rxc2 d4 29. Nd5 Rd6 30. e4 f5 31. Rd2 fxe4 32. Rxd4 h5 33. Kf1 Kh6 34. Ke2 Ne6 35. Rxe4 Nc5 36. Re5 Nxb3 37. Ne7 g6 38. Ke3 b6 39. f4 Rd1 40. Nc8 Ra1 41. Nxa7 Nc5 42. Nc8 Ra3+ 43. Ke2 Ra2+ 44. Kf3 Ra3+ 45. Re3 Rxe3+ 46. Kxe3 Nxa4 47. Kd4 Kg7 48. Kc4 Kf6 49. g3 g5 50. fxg5+ Kxg5 51. h3 Nc5 52. Kd5 Nd3 1/2-1/2

[Event "XXI Torredembarra Open 2019"]
[Site "Torredembarra"]
[Date "2019.07.14"]
[Round "9.8"]
[White "Borrellas Comellas, Josep"]
[Black "Torrens Busquet, Marti"]
[Result "1/2-1/2"]
[ECO "B08"]
[WhiteElo "1935"]
[BlackElo "2042"]
[Annotator "NA"]
[PlyCount "51"]
[EventDate "2019.07.06"]
[EventType "swiss"]
[EventCountry "ESP"]
[SourceTitle "playchess.com"]
[Source "ChessBase"]
[SourceQuality "1"]
[TimeControl "5400+30"]

1. e4 d6 2. d4 Nf6 3. Nc3 g6 4. Nf3 Bg7 5. Be3 O-O 6. Be2 c6 7. O-O Nbd7 8. Qd2 e5 9. dxe5 dxe5 10. Rfd1 Qc7 11. Bh6 Nc5 12. Bxg7 Kxg7 13. Qe3 Ne6 14. g3 Ng4 15. Qc1 Qb6 16. Rf1 Nd4 17. Nxd4 exd4 18. Na4 Qa5 19. b3 Qh5 20. h4 h6 21. Kg2 g5 22. Rh1 gxh4 23. Rxh4 Ne3+ 24. Qxe3 Qxh4 25. Qxd4+ Qf6 26. Qd2 1/2-1/2

[Event "XXI Torredembarra Open 2019"]
[Site "Torredembarra"]
[Date "2019.07.14"]
[Round "9.9"]
[White "Lacasa Diaz, Jose Antonio"]
[Black "Estruch Andreu, Guim"]
[Result "1-0"]
[ECO "B07"]
[WhiteElo "2391"]
[BlackElo "1865"]
[Annotator "ChessBase"]
[PlyCount "59"]
[EventDate "2019.07.06"]
[EventType "swiss"]
[EventCountry "ESP"]
[SourceTitle "playchess.com"]
[Source "ChessBase"]
[SourceQuality "1"]
[TimeControl "5400+30"]

1. d4 Nf6 2. Bf4 g6 3. Nc3 Bg7 4. e4 d6 5. Qd2 O-O 6. Bh6 c5 7. Bxg7 Kxg7 8. Nge2 Na6 9. O-O-O cxd4 10. Nxd4 Nc5 11. f3 Qa5 12. Kb1 Be6 13. g4 b5 14. Bxb5 a6 15. Nxe6+ fxe6 16. Bc4 Rab8 17. Bb3 Qb4 18. Qe3 a5 19. e5 Nd5 20. Nxd5 exd5 21. exd6 e6 22. Qe5+ Kg8 23. a3 Qb6 24. Rxd5 exd5 25. Qxd5+ Kg7 26. Qe5+ Kh6 27. g5+ Kh5 28. Qg3 Rxf3 29. Qxf3+ Kxg5 30. Qe3+ 1-0